Kradschützen Motorcycle Team
Selects Armored Support Battlegroup
Construct Light Support Kompanie
Construct Mechanized Kompanie
Selects Flammpanzer III Medium Tank
Marder III Tank Destroyer
Marder III Tank Destroyer
Flammpanzer III Medium Tank
Selects Command Panzer IV F Medium Tank
Selects Command Panzer IV F Medium Tank
Kradschützen Motorcycle Team
Marder III Tank Destroyer
Selects Vehicle Awareness
Marder III Tank Destroyer